 Dungeon Crawl Stone Soup version 0.18.1-48-g4cf74bf (webtiles) character file.

4995 sdOOK the Nimble (level 10, -2/90 HPs)
             Began as a Minotaur Monk on Aug 25, 2016.
             Was an Elder of Okawaru.
             Slain by a wolf (3 damage)
             ... on level 2 of the Lair of Beasts.
             The game lasted 01:01:15 (9505 turns).

sdOOK the Nimble (Minotaur Monk)                    Turns: 9505, Time: 01:01:15

Health: -2/90      AC:  4    Str: 18    XL:     10   Next: 29%
Magic:  11/11      EV: 29    Int: 16    God:    Okawaru [****..]
Gold:   437        SH:  0    Dex: 27    Spells: 0 memorised, 9 levels left

rFire  + . .     SeeInvis .       - Unarmed
rCold  x . .     Gourm    .     a - +2 robe
rNeg   + . .     Faith    .     (no shield)
rPois  +         Spirit   .     (helmet restricted)
rElec  .         Dismiss  .     (no cloak)
rCorr  .         Reflect  .     (no gloves)
SustAt .         Harm     .     (no boots)
MR     .....                    (no amulet)
Stlth  +++.......               p - ring of the Iron Devil {rN+ Int+7 Dex+6 Stlth-}
                                D - ring of fire

@: agile, very slightly contaminated, not resistant to hostile enchantments,
fairly stealthy
A: retaliatory headbutt, horns 2, agile 1, clever 1, poison resistance,
evolution 1
a: Heroism, Renounce Religion


You were on level 2 of the Lair of Beasts.
You worshipped Okawaru.
Okawaru was greatly pleased with you.
You were not hungry.

You visited 3 branches of the dungeon, and saw 11 of its levels.

You collected 437 gold pieces.

Inventory:

Hand Weapons
 g - a +4 vampiric scimitar
 h - a +2 falchion of electrocution
 k - a +3 dagger of protection
 z - a +0 lajatang
Missiles
 J - 7 needles of confusion
Armour
 a - a +2 robe (worn)
 G - a +0 animal skin
Magical Staves
 i - a cursed staff of poison {unknown}
Jewellery
 o - an uncursed ring of resist corrosion
 p - the ring of the Iron Devil (right hand) {rN+ Int+7 Dex+6 Stlth-}
   (You acquired it on level 7 of the Dungeon)

   [ring of positive energy]

   It affects your intelligence (+7).
   It affects your dexterity (+6).
   It protects you from negative energy.
   It makes you less stealthy.
 C - an uncursed ring of magical power
 D - a ring of fire (left hand)
Wands
 c - a wand of lightning (0/15)
 j - a wand of slowing (17/48)
 m - a wand of hasting (0/9)
 r - a wand of heal wounds (0/9)
Scrolls
 l - 3 scrolls of amnesia
 y - 2 scrolls of immolation
 H - a scroll of remove curse
Potions
 e - a potion of degeneration
 s - 3 potions of magic
 t - a potion of beneficial mutation
 u - a potion of flight
 v - a potion of agility
 x - a potion of cancellation
Books
 A - a book of Clouds

   Spells                             Type                      Level
   a - Mephitic Cloud                 Conjuration/Poison/Air       3
   b - Conjure Flame                  Conjuration/Fire             3
   c - Poisonous Cloud                Conjuration/Poison/Air       6
   d - Freezing Cloud                 Conjuration/Ice/Air          6
   e - Ring of Flames                 Charms/Fire                  7
 B - a book of Clouds

   Spells                             Type                      Level
   a - Mephitic Cloud                 Conjuration/Poison/Air       3
   b - Conjure Flame                  Conjuration/Fire             3
   c - Poisonous Cloud                Conjuration/Poison/Air       6
   d - Freezing Cloud                 Conjuration/Ice/Air          6
   e - Ring of Flames                 Charms/Fire                  7
Comestibles
 b - 8 bread rations
 f - 2 royal jellies
 w - a meat ration
 F - a beef jerky
 K - 4 chunks of flesh


   Skills:
 + Level 8.6 Fighting
 + Level 0.4 Throwing
 + Level 10.2 Dodging
 + Level 4.9 Stealth
 + Level 10.0 Unarmed Combat
 + Level 3.3 Invocations
 + Level 1.5 Evocations


You had 9 spell levels left.
You didn't know any spells.

Dungeon Overview and Level Annotations

Branches:
Dungeon (8/15)             Temple (1/1) D:7            Lair (2/8) D:8

Altars:
Ashenzari
Cheibriados
Dithmenos
Elyvilon
Fedhas
Gozag
Kikubaaqudgha
Makhleb
Nemelex Xobeh
Okawaru
Pakellas
Qazlal
Ru
Sif Muna
Trog
Vehumet
Xom
Zin
The Shining One

Annotations:
Lair:2 Prince Ribbit


Innate Abilities, Weirdness & Mutations

You reflexively headbutt those who attack you in melee.
You have a pair of horns on your head.
You are agile. (Dex +2)
Your mind is acute. (Int +2)
Your system is resistant to poisons.
You evolve.


Message History

The bolt of lightning hits the river rat.
The river rat is moderately wounded.
The bolt of lightning hits the river rat.
You kill the river rat!
Okawaru accepts your kill.
The bolt of lightning hits the river rat.
You kill the river rat!
Okawaru accepts your kill.
This wand has 0 charges left.
The blink frog croaks.
You hear a croak.
You hear a shout!
You hear a roar!
You hear a croak.
You hear a loud, deep croak!
You hear a croak.
You hear an angry hiss. x2; You hear a trumpeting!
The blink frog completely misses you. You furiously retaliate!
You headbutt the blink frog. Prince Ribbit closely misses you.
The wolf barely misses you. The blink frog hits you!
* * * LOW HITPOINT WARNING * * *
The giant frog hits you.
* * * LOW HITPOINT WARNING * * *
The giant frog hits the plant.
The wolf bites you.
You die...

. ##.F###.. .
..###.#...P.#..###.
................... .
.F.............$.P# ..
........... ..... ...
P###.......####...##P...
.....F...†............K
.##.#.r###..##.FFF..##.#
...........§r†rh@F....r.
.##.......##P.hFF.....#
#.#...hF####§..h.....#.
...........P§§r....P....
...#....P.§P§§......P##.
.......P.Ph........PPF.
...##...#..P.P.##.#.....
........................
...P...#.#.......#...#


You could see Prince Ribbit, 4 blink frogs, Sonja, 3 wolves, 2 giant frogs, a
porcupine and 3 river rats.

Vanquished Creatures
  Pikel (D:8)
  A wyvern (D:8)
  2 yaks (Lair:1)
  Eustachio (D:4)
  3 hippogriffs
  3 water moccasins
  2 orc warriors
  A porcupine (Lair:1)
  2 sky beasts
  2 slaves (D:8)
  2 ice beasts
  An ogre (D:6)
  A phantom (D:8)
  A wolf (Lair:2)
  2 crocodiles (Lair:1)
  2 big kobolds (D:8)
  Blork the orc (D:4)
  A wyvern zombie (D:8)
  3 giant frogs (D:6)
  4 scorpions
  8 killer bees
  4 howler monkeys
  2 crimson imps
  A giant frog zombie (D:7)
  A centaur zombie (D:7)
  3 hounds
  A gnoll shaman (D:6)
  A jelly (D:7)
  4 orc priests
  A centaur skeleton (D:7)
  Jessica (D:2)
  Terence (D:2)
  2 worker ants (D:5)
  Natasha (thrice) (D:2)
  3 iguanas
  4 orc wizards
  A killer bee zombie (D:7)
  Robin (D:3)
  3 gnolls (D:6)
  5 river rats (Lair:2)
  7 adders
  3 shadow imps
  2 oozes
  3 adder skeletons
  5 worms
  5 dart slugs
  4 giant geckos
  14 orcs
  2 ball pythons
  8 bats
  6 giant cockroaches
  16 goblins
  8 hobgoblins
  9 jackals
  2 quokkas (D:3)
  3 giant newts
  10 kobolds
  A quokka skeleton (D:5)
  4 rats
198 creatures vanquished.

Vanquished Creatures (others)
  A giant newt (D:2)
  A plant (Lair:1)
2 creatures vanquished.

Grand Total: 200 creatures vanquished

Notes
Turn   | Place    | Note
--------------------------------------------------------------
     0 | D:1      | sdOOK the Minotaur Monk began the quest for the Orb.
     0 | D:1      | Reached XP level 1. HP: 19/19 MP: 0/0
   451 | D:1      | Reached XP level 2. HP: 27/27 MP: 1/1
  1025 | D:2      | Noticed Jessica
  1030 | D:2      | Killed Jessica
  1030 | D:2      | Reached skill level 5 in Unarmed Combat
  1030 | D:2      | Reached XP level 3. HP: 32/33 MP: 2/2
  1120 | D:2      | Reached XP level 4. HP: 39/40 MP: 3/3
  1383 | D:2      | Noticed Terence
  1385 | D:2      | Gained mutation: You evolve. [potion of mutation]
  1385 | D:2      | Gained mutation: You are agile. (Dex +2) [potion of mutation]
  1385 | D:2      | Gained mutation: Your mind is acute. (Int +2) [potion of mutation]
  1397 | D:2      | Killed Terence
  1671 | D:2      | Noticed Natasha
  1681 | D:2      | Killed Natasha
  1966 | D:2      | Noticed Natasha
  1976 | D:2      | Killed Natasha
  1976 | D:2      | Reached XP level 5. HP: 35/47 MP: 4/4
  2057 | D:2      | Noticed Natasha
  2175 | D:2      | Gained mutation: You have a pair of large horns on your head. [evolution]
  2194 | D:2      | Killed Natasha
  2901 | D:3      | Found a glowing golden altar of the Shining One.
  2921 | D:3      | Found an opulent altar of Gozag.
  2921 | D:3      | Found an iron altar of Okawaru.
  2938 | D:3      | Became a worshipper of Warmaster Okawaru
  2938 | D:3      | Reached * piety under Okawaru
  2938 | D:3      | Reached ** piety under Okawaru
  2958 | D:3      | Found a faded altar to an unknown god.
  3065 | D:3      | Found a sacrificial altar of Ru.
  3122 | D:3      | Noticed Robin
  3141 | D:3      | Killed Robin
  3554 | D:3      | Lost mutation: You have a pair of large horns on your head. [evolution]
  3687 | D:3      | Reached XP level 6. HP: 46/53 MP: 5/5
  3798 | D:4      | Reached skill level 5 in Dodging
  4023 | D:4      | Reached skill level 5 in Fighting
  4303 | D:4      | Noticed Blork the orc
  4314 | D:4      | Killed Blork the orc
  4421 | D:4      | Noticed Eustachio
  4444 | D:4      | Killed Eustachio
  4444 | D:4      | Reached skill level 1 in Invocations
  4444 | D:4      | Reached XP level 7. HP: 57/61 MP: 3/6
  5047 | D:5      | Entered Level 5 of the Dungeon
  5263 | D:5      | Gained mutation: Your system is resistant to poisons. [evolution]
  6042 | D:6      | Found a shattered altar of Ashenzari.
  6052 | D:6      | Reached XP level 8. HP: 70/70 MP: 4/7
  6420 | D:6      | Reached *** piety under Okawaru
  7194 | D:6      | Reached skill level 1 in Evocations
  7273 | D:7      | Identified a scroll of acquirement
  7274 | D:7      | Got a sparkling amber ring
  7275 | D:7      | Identified the ring of the Iron Devil {rN+ Int+7 Dex+6 Stlth-} (You acquired it on level 7 of the Dungeon)
  7465 | D:7      | Reached XP level 9. HP: 78/78 MP: 6/9
  7488 | D:7      | Found a staircase to the Ecumenical Temple.
  7495 | Temple   | Entered the Ecumenical Temple
  8249 | D:7      | Found a deep blue altar of Sif Muna.
  8523 | D:7      | Found a bloodstained altar of Trog.
  8704 | D:8      | Reached **** piety under Okawaru
  8757 | D:8      | Found a burning altar of Makhleb.
  8892 | D:8      | Noticed Pikel
  8903 | D:8      | Killed Pikel
  8903 | D:8      | Reached XP level 10. HP: 80/88 MP: 8/11
  9065 | D:8      | Found a staircase to the Lair.
  9135 | Lair:1   | Entered Level 1 of the Lair of Beasts
  9276 | Lair:1   | Received a gift from Okawaru
  9281 | Lair:1   | Reached skill level 10 in Dodging
  9380 | Lair:2   | Noticed Prince Ribbit
  9488 | Lair:2   | Reached skill level 10 in Unarmed Combat
  9505 | Lair:2   | HP: 2/90 [blink frog (11)]
  9505 | Lair:2   | Slain by a wolf

Skill      XL: |  1  2  3  4  5  6  7  8  9 10 |
---------------+-------------------------------+-----
Fighting       | 4 5 6 8 |  8.6
Unarmed Combat | 5 6 7 8 9 10 | 10.0
Stealth        | 2 3 4 |  4.9
Dodging        | 4 6 7 9 10 | 10.2
Invocations    | 1 2 3 |  3.3
Evocations     | 1 |  1.5
Throwing       | |  0.4

Action                   |  1- 3 |  4- 6 |  7- 9 | 10-12 || total
-------------------------+-------+-------+-------+-------++-------
Melee: Unarmed           |    55 |   193 |   221 |    38 ||   507
       Headbutt          |    10 |    34 |    58 |     9 ||   111
       Punch             |     1 |     8 |    10 |     2 ||    21
Throw: Throwing net      |       |       |     1 |       ||     1
Invok: Heroism           |       |     6 |    18 |     4 ||    28
Evoke: Wand              |       |     3 |     4 |    11 ||    18
  Use: Scroll            |     2 |     8 |     5 |     7 ||    22
       Potion            |     1 |     6 |     6 |     6 ||    19
 Stab: Sleeping          |     2 |     3 |     6 |     1 ||    12
       Distracted        |       |     1 |     1 |       ||     2
       Invisible         |       |       |     1 |       ||     1
  Eat: Chunk             |     1 |     6 |     9 |       ||    16
       Meat ration       |       |     1 |     1 |       ||     2
       Pizza             |       |       |     2 |       ||     2
       Beef jerky        |       |       |     2 |       ||     2
Armor: Robe              |     9 |    30 |    18 |     1 ||    58
Dodge: Dodged            |    41 |   113 |   195 |   136 ||   485
